 Dungeon Crawl Stone Soup version 0.26.1-11-gd32895ea62 (webtiles) character file.

Game seed: 18400978556908901680

127 ubername the Caller (level 5, -1/36 HPs)
             Began as a Barachi Summoner on June 6, 2021.
             Slain by a sky beast (6 damage)
             ... on level 4 of the Dungeon.
             The game lasted 00:13:26 (3851 turns).

ubername the Caller (Barachi Summoner)              Turns: 3851, Time: 00:13:26

Health: -1/36      AC:  4    Str:  9    XL:     5   Next: 11%
Magic:  4/10       EV: 13    Int: 16    God:
Gold:   243        SH:  0    Dex: 13    Spells: 8/11 levels left

rFire    . . .     SeeInvis .   c - +0 whip
rCold    . . .     Faith    .   (no shield)
rNeg     . . .     Spirit   .   a - +0 robe
rPois    .         Reflect  .   (no helmet)
rElec    .         Harm     .   (no cloak)
rCorr    .         Rampage  .   k - +0 pair of gloves
Will     .....                  p - +0 pair of boots
Stlth    ++........             (no amulet)
HPRegen  0.12/turn              (no ring)
MPRegen  0.12/turn              (no ring)

@: slow
A: +LOS, swims, slowness 1, strong legs 1
a: Hop


You were on level 4 of the Dungeon.
You visited 1 branch of the dungeon, and saw 4 of its levels.
You also visited: Sewer.

You collected 243 gold pieces.

Inventory:

Hand Weapons
 c - a +0 whip (weapon)
 s - a +0 hunting sling
Missiles
 d - 20 poisoned darts (quivered)
 v - 18 sling bullets
Armour
 a - a +0 robe (worn)
 k - a +0 pair of gloves (worn)
 p - a +0 pair of boots (worn)
Jewellery
 b - an uncursed ring of see invisible {unknown}
 g - an uncursed amulet of regeneration {unknown}
 h - a cursed -4 ring of protection {unknown}
 r - an uncursed amulet of faith {unknown}
Wands
 n - a wand of enslavement (10)
Scrolls
 f - a scroll of amnesia
 j - 2 scrolls of magic mapping
 l - a scroll of teleportation
 o - a scroll of noise {unknown}
 t - a scroll of fear {unknown}
Potions
 e - 3 potions of haste
 i - a potion of flight {unknown}
 m - a potion of might {unknown}
 q - a potion of lignification {unknown}
 u - a potion of ambrosia {unknown}


   Skills:
 + Level 0.9 Fighting
 + Level 2.5 Dodging
 + Level 2.1 Stealth
 + Level 3.5 Spellcasting
 + Level 5.7 Summonings
 * Level 1.5 Invocations


You had 8 spell levels left.
You knew the following spells:

 Your Spells              Type           Power        Failure   Level
a - Summon Small Mammal   Summ           84%          1%          1
b - Call Imp              Summ           21%          2%          2

Your spell library contained the following spells:

 Spells                   Type           Power        Failure   Level
 Call Canine Familiar     Summ           21%          4%          3
 Summon Guardian Golem    Hex/Summ       11%          17%         3
 Summon Ice Beast         Ice/Summ       11%          50%         4
 Summon Lightning Spire   Summ/Air       11%          50%         4


Dungeon Overview and Level Annotations

Branches:
Dungeon (4/15)              Sewer (visited)
 Temple: D:4-7

Altars:
Wu Jian


Innate Abilities, Weirdness & Mutations

You can be seen from farther away. (+LOS)
You can swim through water.
You cover ground slowly.
You can hop short distances.


Message History

Something hits you. Something shocks you.
You swap places.
You hear the slow hiss of a distant avalanche of sand.
Something closely misses your crimson imp.
A sky beast appears from thin air!
Reactivating autopickup.
The sky beast hits you. The sky beast shocks you.
Your crimson imp hits the sky beast but does no damage.
You closely miss the sky beast.
The sky beast is lightly wounded.
The sky beast flickers out of sight!
Deactivating autopickup; reactivate with Ctrl-A.
Something hits you but does no damage.
Your white imp closely misses something.
You closely miss something. Something hits you. Something shocks you.
* * * LOW HITPOINT WARNING * * *
You closely miss something. Something hits you.
* * * LOW HITPOINT WARNING * * *
Something shocks you.
You die...

####...#.....[....(
#..§......#########
#.##..†##.# #.##...##.#
#.##...##.#
#.##########.##...##.###
.......................+
..###########5{###.#####
##.@5.##..# #......##.#
#..##.#..#.# +..
.8...+.# +...8.#..+.#
#..#.##..### ##... ## #
.. ##+


You could see a friendly crimson imp (summoned) and a friendly white imp
(summoned).

Vanquished Creatures
  3 giant cockroaches
  2 goblins
  A hobgoblin (D:1)
  A quokka (D:2)
  2 ball pythons (D:3)
  5 bats
  A rat (D:1)
15 creatures vanquished.

Vanquished Creatures (collateral kills)
  Purgy (Sewer)
  3 adders
  3 worms
  A dart slug (D:1)
  3 leopard geckos
  A ball python (D:3)
  2 giant cockroaches (D:1)
  6 goblins
  6 hobgoblins
  13 bats
  4 frilled lizards
  6 kobolds
  3 rats (D:1)
52 creatures vanquished.

Grand Total: 67 creatures vanquished

Notes
Turn   | Place    | Note
-------+----------+-------------------------------------------
     0 | D:1      | ubername the Barachi Summoner began the quest for the Orb.
     0 | D:1      | Reached XP level 1. HP: 13/13 MP: 3/3
    94 | D:1      | Reached skill level 5 in Summonings
   412 | D:1      | Reached XP level 2. HP: 19/19 MP: 0/5
  1886 | D:2      | Reached XP level 3. HP: 24/24 MP: 2/7
  1903 | D:2      | Learned a level 2 spell: Call Imp
  2047 | D:2      | Found an ornate altar of the Wu Jian Council.
  2973 | D:3      | Reached skill level 1 in Invocations
  2973 | D:3      | Reached XP level 4. HP: 29/30 MP: 6/8
  3049 | D:3      | Found a glowing drain.
  3110 | Sewer    | Entered a sewer
  3142 | Sewer    | Noticed Purgy
  3193 | Sewer    | Killed Purgy
  3194 | Sewer    | Reached XP level 5. HP: 11/36 MP: 4/10
  3804 | D:4      | Noticed a sky beast
  3851 | D:4      | Slain by a sky beast

Illustrated notes

Levels and vault maps discovered:
D:1:      dpeg_arrival_pits, layout_loops_corners, st_stairs_11
D:2:      layout_rooms, nicolae_overflow_crystal_walls
D:3:      layout_loops_ring, cheibrodos_sewer_entry_sluice, minmay_cut_off
D:4:      layout_basic, nicolae_ossuary_entry_ruins, ebering_ghost_rock_garden,
          kennysheep_generic_room_3

Skill      XL: |  1  2  3 |
---------------+----------+-----
Summonings     | 5 |  5.7
Stealth        | 2 |  2.1
Spellcasting   | 3 |  3.5
Invocations    | 1 |  1.5
Fighting       | |  0.9
Dodging        | |  2.5

Action                   |  1- 3 |  4- 6 || total
-------------------------+-------+-------++-------
Melee: Whip              |    34 |    27 ||    61
Throw: Dart              |     1 |       ||     1
 Cast: Summon Small Mamm |    71 |     2 ||    73
       Call Imp          |    18 |    15 ||    33
 Abil: Hop               |     1 |       ||     1
  Use: Scroll            |     6 |     1 ||     7
       Potion            |     2 |     2 ||     4
 Stab: Sleeping          |     2 |     1 ||     3
Armor: Robe              |    22 |    34 ||    56
Dodge: Dodged            |    78 |    61 ||   139
